 Dungeon Crawl Stone Soup version 0.27.0-1-g7a089689b8 (webtiles) character file.

Game seed: 9495635667763692872

58 mg7810 the Ruffian (level 3, 0/28 HPs)
             Began as a Draconian Transmuter on Aug 15, 2021.
             Succumbed to an adder's poison
             ... on level 2 of the Dungeon.
             The game lasted 00:04:38 (1353 turns).

mg7810 the Ruffian (Draconian Transmuter)           Turns: 1353, Time: 00:04:38

Health: 0/28       AC:  6    Str: 12    XL:     3   Next: 76%
Magic:  5/6        EV: 12    Int: 14    God:
Gold:   80         SH:  0    Dex: 11    Spells: 1/7 levels left

rFire    . . .     SeeInvis .     - Unarmed
rCold    . . .     Faith    .   (no shield)
rNeg     . . .     Spirit   .   (armour unavailable)
rPois    .         Reflect  .   (helmet restricted)
rElec    .         Harm     .   (no cloak)
rCorr    .         Rampage  .   (no gloves)
Will     .....     Clarity  +   d - +0 pair of boots
Stlth    +.........             (no amulet)
HPRegen  0.09/turn              (no ring)
MPRegen  0.10/turn              (no ring)

@: mighty, lethally poisoned (0 -> -4), wereblooded (expiring), flying
A: AC +5, unfitting armour, cold-blooded, clarity
a: no special abilities


You were on level 2 of the Dungeon.
You visited 1 branch of the dungeon, and saw 2 of its levels.

You collected 80 gold pieces.

Inventory:

Armour
 d - a +0 pair of boots (worn)
Scrolls
 a - 2 scrolls of identify {unknown}
 b - a scroll of teleportation {unknown}


   Skills:
 + Level 1.1 Fighting
 + Level 1.8 Dodging
 + Level 4.0 Unarmed Combat
 + Level 2.5 Spellcasting
 + Level 2.4 Transmutations


You had one spell level left.
You knew the following spells:

 Your Spells              Type           Power      Damage    Failure   Level
a - Beastly Appendage     Tmut           16%        N/A       9%          1
b - Wereblood             Tmut           8%         N/A       12%         2
c - Spider Form           Tmut/Pois      2%         N/A       38%         3

Your spell library contained the following spells:

 Spells                   Type           Power      Damage    Failure   Level
 Ice Form                 Ice/Tmut       5%         N/A       80%         4


Dungeon Overview and Level Annotations

Branches:
Dungeon (2/15)

Altars:


Innate Abilities, Weirdness & Mutations

Your plain brown scales are hard. (AC +5)
You cannot fit into any form of body armour.
You are cold-blooded and may be slowed by cold attacks.
You possess an exceptional clarity of mind.


Message History

The adder poisons you!
You miss the adder.
You feel sick. The adder misses you.
You hit the adder. Your kick misses the adder.
The adder is moderately wounded.
The adder bites you but does no damage.
You miss the adder. You claw the adder, but do no damage.
Your headbutt misses the adder.
Your tail-slap misses the adder.
The adder is lightly wounded.
You feel sick. The adder bites you.
You are more poisoned.
The adder poisons you! The adder bites you.
It was a potion of flight.
You feel very buoyant.
You fly up into the air.
You feel sick. The adder bites you but does no damage.
You miss the adder. Your kick misses the adder.
The adder is lightly wounded.
You feel sick. The adder closely misses you.
It was a potion of might.
You feel very mighty all of a sudden.
Your horns disappear.
Your talons disappear.
Your +0 pair of boots unmelds from your body.
Your primal bloodlust is almost over.
You feel sick. The adder bites you.
* * * LOW HITPOINT WARNING * * *
You are lethally poisoned!
The adder poisons you! The adder misses you.
You punch the adder!
You feel a bit better.
You kill the adder!
* * * LOW HITPOINT WARNING * * *
You feel sick.
It was a potion of mutation.
You feel extremely strange.
Your thoughts seem clearer.
* * * LOW HITPOINT WARNING * * *
You feel sick.
There is a lethal amount of poison in your body!
* * * LOW HITPOINT WARNING * * *
You feel sick.
* * * LOW HITPOINT WARNING * * *
You feel sick.
You die...

###.##.##....## ###..#.#.
#.#....g......# .. .........
.............## ####.#####...(##
...†......#..## ................
#.#.##....#...# .....# ##...#..
#.#.##(...#.#†## .....# #......
#.#.#######.#.†# .....# ###......
# #.# #.##.##.....###<....... #.#
#.....@..............##
###.##########..#####.########...
....#...........†......# ####
..........#......####..# #...
..........#....#)# #..#
..........#....#.## # #..#
...##'#####....#.)###..## #. #
...............'......... .. #
.##......##....##(##..### .# #


There were no monsters in sight!

Vanquished Creatures
  2 adders (D:2)
  A worm (D:2)
  A dart slug (D:1)
  2 ball pythons (D:1)
  A bat (D:1)
  4 endoplasms
  3 goblins (D:2)
  6 hobgoblins
  3 jackals (D:2)
  3 kobolds
  A quokka (D:2)
  6 rats
33 creatures vanquished.

Notes
Turn   | Place    | Note
-------+----------+-------------------------------------------
     0 | D:1      | mg7810 the Draconian Transmuter began the quest for the
                  | Orb.
     0 | D:1      | Reached XP level 1. HP: 16/16 MP: 3/3
   424 | D:1      | Reached XP level 2. HP: 23/23 MP: 3/5
   542 | D:1      | Learned a level 2 spell: Wereblood
   790 | D:2      | Found a faded altar of an unknown god.
   823 | D:2      | Reached XP level 3. HP: 15/28 MP: 3/6
   833 | D:2      | Learned a level 3 spell: Spider Form
  1153 | D:2      | Reached skill level 4 in Unarmed Combat
  1350 | D:2      | Gained mutation: You possess an exceptional clarity of
                  | mind. [potion of mutation]
  1352 | D:2      | HP: 1/28 [poisoned by an adder]
  1353 | D:2      | Succumbed to an adder's poison

Illustrated notes

Levels and vault maps discovered:
D:1:      amcnicky_arrival_double_pillar, layout_rooms
D:2:      layout_basic, hellmonk_ecumenical_altar_crossroads,
          roderic_roman_lattice

Skill      XL: |  1  2  3 |
---------------+----------+-----
Unarmed Combat | 4 |  4.0
Fighting       | |  1.1
Dodging        | |  1.8
Spellcasting   | |  2.5
Transmutations | |  2.4

Action                   || total
-------------------------++-------
Melee: Unarmed           ||    95
       Kick              ||    10
       Headbutt          ||     6
       Tailslap          ||     5
       Punch             ||     1
 Cast: Beastly Appendage ||    15
       Wereblood         ||     3
  Use: Potion            ||     3
Armor: Skin              ||    25
Dodge: Dodged            ||    56
